 Dungeon Crawl Stone Soup version 0.31-a0-348-g810772c3d7 (webtiles) character file.

Game seed: 12822183338898296781

7 Enroth the Changeling (level 1, -1/9 HPs)
             Began as a Felid Shapeshifter on July 23, 2023.
             Killed from afar by a dart slug (5 damage)
             ... with a slug dart
             ... on level 1 of the Dungeon.
             The game lasted 00:01:29 (233 turns).

Enroth the Changeling (Felid Shapeshifter)           Turns: 233, Time: 00:01:30

Health: -1/9       AC:  1    Str: 11    XL:     1   Next: 83%
Magic:  2/2        EV: 17    Int:  9    God:
Gold:   42         SH:  0    Dex: 16    Spells: 0/0 levels left
                                        Lives:  0   Deaths: 0

rFire   . .          .
                       - Unarmed
rCold   . . .        (shield unavailable)
rNeg    . . .        (body armour unavailable)
rPois   .            (helmet unavailable)
rElec   .            (cloak unavailable)
rCorr   .            (gloves unavailable)
SInv    +            (boots unavailable)
Will    .....        (no amulet)
Stlth   +            (no ring)
HPRegen 0.21/turn    (no ring)
MPRegen 0.08/turn

%: no passive effects
@: beast-form, quick
A: beast (slay +2), very small, claws 1, fangs 3, see invisible, speed 1, shaggy
fur 1, stealthy paws, no weapons or thrown items, no armour, multi-lived
a: Begin Untransformation


You were on level 1 of the Dungeon.
You were a hulking beast.
You visited 1 branch of the dungeon, and saw 1 of its levels.

You collected 42 gold pieces.

Inventory:

Jewellery
 e - a ring of magical power
Talismans
 b - a beast talisman
Scrolls
 c - a scroll of identify {unknown}
 d - a scroll of fog {unknown}
 f - a scroll of amnesia {unknown}
 g - 2 scrolls of teleportation {unknown}
Potions
 a - a potion of lignification
 h - a potion of heal wounds {unknown}


   Skills:
 + Level 1.0 Fighting
 * Level 2.7 Dodging
 + Level 3.3 Unarmed Combat
 + Level 3.4 Shapeshifting


You couldn't memorise any spells.
You didn't know any spells.
Your spell library was empty.

Dungeon Overview and Level Annotations

Branches:
Dungeon (1/15)

Altars:

Shops:
D:1 *([


Innate Abilities, Weirdness & Mutations

You are a hulking beast.
Your limbs bulge with bestial killing power. (Slay +2)
You have sharp claws.
You have razor-sharp teeth.
You have supernaturally acute eyesight. (SInv)
You cover ground quickly. (Speed+)
You are covered in fur. (AC +1)
Your paws help you pounce on unaware monsters.
You are incapable of wielding weapons or throwing items.
You cannot wear armour.
You gain extra lives every three experience levels.


Message History

You claw the rat!
You kill the rat!
h - a metallic blue potion You now have 22 gold pieces (gained 13).
Found Faisul's General Store.
Found a robe.
There is an entrance to Faisul's General Store here.
g - 2 scrolls labelled JOBBIA EQAZXANN (gained 1)
Found a stone staircase leading down.
A giant cockroach comes into view.
Found 20 gold pieces.
The giant cockroach waves its antennae.
The giant cockroach closely misses you.
You barely miss the giant cockroach. The giant cockroach misses you.
The giant cockroach closely misses you.
You claw the giant cockroach!
You kill the giant cockroach!
No target in view!
You see here a giant cockroach corpse.
You now have 31 gold pieces (gained 9).
You now have 42 gold pieces (gained 11).
You see here a +0 robe.
A dart slug comes into view.
The dart slug launches a dart at you. The slug dart misses you.
The dart slug launches a dart at you. The slug dart hits you.
Ouch! That really hurt!
You are too injured to fight recklessly!
You are too injured to fight recklessly!
You are too injured to fight recklessly!
The dart slug barely misses you.
You scratch the dart slug.
The dart slug is lightly wounded.
You scratch the dart slug.
The dart slug is heavily wounded.
The dart slug launches a dart at you. The slug dart hits you.
Ouch! That really hurt!
You die...

#.#####.##..........
##.##................
#...#.####........∩..
#.....# #.[.........
#...### ##..........
##### ####...##...#
#########....########
#............#####
#..wh..............
#............######
#........$...#
#...............
#........######..
#........# ..
#........# .
#........#


You could see a dart slug.

Vanquished Creatures
  An endoplasm (D:1)
  A giant cockroach (D:1)
  A goblin (D:1)
  A hobgoblin (D:1)
  2 rats (D:1)
6 creatures vanquished.

Notes
Turn   | Place    | Note
-------+----------+-------------------------------------------
     0 | D:1      | Enroth the Felid Shapeshifter began the quest for the Orb.
     0 | D:1      | Reached XP level 1. HP: 9/9 MP: 2/2
    57 | D:1      | Found Pudy's Antique Armour Boutique.
   102 | D:1      | Found Hunluw Uzis's Weapon Shoppe.
   168 | D:1      | Found Faisul's General Store.
   233 | D:1      | Killed from afar by a dart slug

Illustrated notes

Levels and vault maps discovered:
D:1:      lemuel_arrival_muddy, layout_rooms, serial_shops,
          nicolae_shop_bloodbath_and_beyond, shop, shop

Action                     || total
---------------------------++-------
  Melee: Unarmed           ||    14
  Dodge: Dodged            ||    10

Table legend: (Time is in decaauts)
 A = Elapsed time spent in this place.
 B = Non-inter-level travel time spent in this place.
 C = Inter-level travel time spent in this place.
 D = Time resting spent in this place.
 E = Time spent auto-exploring this place.
 F = Levels seen in this place.
 G = Mean time per level.
                   A        B        C        D        E       F      G
               +--------+--------+--------+--------+--------+-----+--------+
         Total |    191 |    191 |      0 |      0 |    119 |   1 |  191.0 |
       Dungeon |    191 |    191 |      0 |      0 |    119 |   1 |  191.0 |
               +--------+--------+--------+--------+--------+-----+--------+

Top non-repeatable levels by time:
     D:1: 191 daAuts
